 Dungeon Crawl Stone Soup version 0.28-a0-445-g51f8dfeb47 (webtiles) character file.

Game seed: 3942770737723544840

216 Conn the Sneak (level 5, -3/48 HPs)
             Began as an Octopode Fire Elementalist on Sept 12, 2021.
             Killed by an exploding ogre (34 damage)
             ... ignited by their inner flame
             ... on level 4 of the Dungeon.
             The game lasted 00:10:15 (5022 turns).

Conn the Sneak (Octopode Fire Elementalist)         Turns: 5022, Time: 00:10:16

Health: -3/48      AC: 22    Str:  6 (7)  XL:     5   Next: 93%
Magic:  0/9        EV:  2    Int: 16 (18) God:
Gold:   137        SH:  0    Dex: 11 (13) Spells: 0/9 levels left

rFire   . . .      SeeInvis .   a - +0 dagger
rCold   + . .      Faith    .   (no shield)
rNeg    + + +      Spirit   .   (helmet currently unavailable)
rPois   +          Reflect  .   (no amulet)
rElec   .          Harm     .   c - ring of flight
rCorr   .          Rampage  .   g - ring of protection from cold
Will    .....      Clarity  +   (no ring) Stlth +++.......NoTele +
                                (no ring)
HPRegen 0.16/turn               (no ring)
MPRegen 0.11/turn               (no ring)
                                (no ring)
                                (no ring)

@: tree-form
A: stationary, stasis, torment immunity, boosted hp, almost no armour,
(amphibious), 8 rings, (camouflage 1), (gelatinous body 1), (nimble swimmer 1),
(tentacles), (tentacle spike 1), (iridescent scales 1), clarity, wild magic 1
a: no special abilities


You were on level 4 of the Dungeon.
You were a tree.
You visited 1 branch of the dungeon, and saw 4 of its levels.

You collected 137 gold pieces.

Inventory:

Hand Weapons
 a - a +0 dagger (weapon)
Jewellery
 c - a ring of flight (left branch)
 g - a ring of protection from cold (right branch)
Wands
 l - a wand of flame (28)
Scrolls
 b - 2 scrolls of identify {unknown}
 i - a scroll of magic mapping {unknown}
 k - a scroll of teleportation {unknown}
 p - a scroll of fog {unknown}
 q - a scroll of vulnerability {unknown}
Potions
 e - a potion of flight
 n - a potion of lignification


   Skills:
 + Level 0.4 Fighting
 + Level 1.8 Short Blades
 + Level 2.3 Dodging
 + Level 4.5 Stealth
 + Level 2.8 Spellcasting
 + Level 2.2 Conjurations
 + Level 4.0 Fire Magic


You couldn't memorise any spells.
You knew the following spells:

 Your Spells              Type           Power      Damage    Failure   Level
a - Foxfire               Conj/Fire      64%        2x1d7     9%          1
b - Conjure Flame         Conj/Fire      16%        6-21      22%         3
c - Inner Flame           Hex/Fire       11%        N/A       34%         3
d - Scorch                Fire           38%        2d7       9%          2

Your spell library contained the following spells:

 Spells                   Type           Power      Damage    Failure   Level
 Flame Wave               Conj/Fire      16%        3d5       54%         4


Dungeon Overview and Level Annotations

Branches:
Dungeon (4/15)
 Temple: D:4-7

Altars:


Innate Abilities, Weirdness & Mutations

You are a tree.
Your roots penetrate the ground, keeping you stationary.
You cannot be teleported.
You are immune to unholy pain and torment.
Your maximum health is greatly increased.
You cannot wear most types of armour.
((You are amphibious.))
You can wear up to eight rings at the same time.
((Your skin changes colour to match your surroundings (Stealth+).))
((Your rubbery body absorbs attacks. (AC +1, EV +1)))
((You are camouflaged near water. (Stealth+)))
((You have tentacles for arms and can constrict up to eight enemies at once.))
((One of your tentacles bears a spike.))
((You are partially covered in iridescent scales. (AC +2)))
You possess an exceptional clarity of mind.
Your spells are a little harder to cast, but a little more powerful.


Message History

It was a potion of degeneration.
There was something very wrong with that liquid.
You feel weakened.
You feel dopey.
You feel clumsy. The ogre hits you with a +0 giant club!
It was a potion of mutation.
You feel extremely strange.
Your thoughts seem clearer.
You feel less in control of your magic.
Iridescent scales grow over part of your body.
One of your lower tentacles grows a sharp spike.
The ogre hits you but does no damage.
Unknown command.
Unknown command.
Unknown command.
Okay, then.
Really quaff the potion of lignification?
You are stuck in your current form!
Okay, then.
Unknown command.
Unknown command.
Unknown command.
Casting: Inner Flame (quite dangerous; 34% risk of failure)
Confirm with . or Enter, or press ? or * to list all spells.
Flames lash the goblin.
The goblin explodes!
The fiery explosion engulfs the ogre!!
Flame seeps out of the ogre.
The ogre is almost dead.
Unknown command.
Unknown command.
Unknown command.
Okay, then.
Okay, then.
You cannot move.
As you read the scroll labelled SURGHE SIEFAFE, it crumbles to dust.
It is a scroll of amnesia.
Really abort (and waste the scroll)?
Okay, then.
The ogre is engulfed in blazing flames.
The ogre explodes!
The fiery explosion engulfs you!!
Ouch! That really hurt!
You die...

#####.# ###....## ......#
#..).# .....g# ##)#.#
#####.# #.#.# ####g####
#.#.# #.......# #.#.#
#.##.##.# #.#.#
##.##.##.###.#.###########
.........>...#..♣§§§.....#
##.##.##.###.###########.#
##.##.##.# #.# #.######
#.......# #.# #).O<..#
####.#### #.# ######.# ..#
#.# #.# ### #.# #g# #.#
#########.# ...
#.....g...#


There were no monsters in sight!

Vanquished Creatures
  An ogre (D:4)
  Natasha (thrice) (D:3)
  3 gnolls (D:4)
  4 adders
  An ufetubus (D:4)
  A worm (D:3)
  2 dart slugs
  6 bats
  11 endoplasms
  2 giant cockroaches
  2 hobgoblins (D:1)
  3 quokkas
  9 ball pythons
  7 frilled lizards
  6 goblins
  6 kobolds
  3 rats
70 creatures vanquished.

Vanquished Creatures (collateral kills)
  2 foxfires (D:1)
2 creatures vanquished.

Vanquished Creatures (others)
  148 foxfires
  A fungus (D:3)
  4 plants
153 creatures vanquished.

Grand Total: 225 creatures vanquished

Notes
Turn   | Place    | Note
-------+----------+-------------------------------------------
     0 | D:1      | Conn the Octopode Fire Elementalist began the quest for the
                  | Orb.
     0 | D:1      | Reached XP level 1. HP: 11/11 MP: 3/3
   211 | D:1      | Reached XP level 2. HP: 11/17 MP: 0/5
   851 | D:1      | Reached XP level 3. HP: 21/21 MP: 6/6
  2183 | D:3      | Reached XP level 4. HP: 14/27 MP: 4/7
  2399 | D:3      | Reached skill level 1 in Short Blades
  2606 | D:3      | Noticed Natasha
  2619 | D:3      | Killed Natasha
  2980 | D:3      | Reached XP level 5. HP: 31/31 MP: 5/8
  3093 | D:3      | Found a faded altar of an unknown god.
  3124 | D:3      | Noticed Natasha
  3129 | D:3      | Killed Natasha
  3239 | D:3      | Learned a level 3 spell: Conjure Flame
  3243 | D:3      | Learned a level 3 spell: Inner Flame
  3337 | D:3      | Noticed Natasha
  3345 | D:3      | Killed Natasha
  4468 | D:3      | Learned a level 2 spell: Scorch
  4714 | D:4      | Noticed an ogre
  5020 | D:4      | Gained mutation: You possess an exceptional clarity of
                  | mind. [potion of mutation]
  5020 | D:4      | Gained mutation: Your spells are a little harder to cast,
                  | but a little more powerful. [potion of mutation]
  5020 | D:4      | Gained mutation: You are partially covered in iridescent
                  | scales. (AC +2) [potion of mutation]
  5020 | D:4      | Gained mutation: One of your tentacles bears a spike.
                  | [potion of mutation]
  5022 | D:4      | Killed an ogre
  5022 | D:4      | Killed by an exploding ogre... ignited by their inner flame

Illustrated notes

Levels and vault maps discovered:
D:1:      noname_arrival_rooms_in_the_neighbourhood, layout_loops_ring,
          minmay_hedge_maze, serial_bayou_ford_a, chequers_hall_statues_corner_a
D:2:      layout_loops_cross, minmay_tromino_v7
D:3:      layout_loops_ring, shapermc_ecumenical_altar_acropolis,
          minmay_shallow_snake_nest, uniq_natasha
D:4:      layout_loops_ring, minmay_checkerbox

Skill      XL: |  1  2  3  4  5 |
---------------+----------------+-----
Stealth        | 3 4 |  4.5
Short Blades   | 1 |  1.8
Conjurations   | 2 |  2.2
Fire Magic     | 4 |  4.0
Fighting       | |  0.4
Dodging        | |  2.3
Spellcasting   | |  2.8

Action                   |  1- 3 |  4- 6 || total
-------------------------+-------+-------++-------
Melee: Unarmed           |     3 |       ||     3
       Dagger            |    36 |    36 ||    72
       Constrict         |     8 |     9 ||    17
       Tentacles         |     7 |     9 ||    16
 Cast: Foxfire           |    47 |    38 ||    85
       Inner Flame       |       |     2 ||     2
       Conjure Flame     |       |     1 ||     1
       Scorch            |       |     1 ||     1
  Use: Potion            |       |     5 ||     5
       Scroll            |       |     3 ||     3
 Stab: Sleeping          |     7 |     1 ||     8
Armor: Skin              |     1 |     3 ||     4
Dodge: Dodged            |    26 |    26 ||    52

Table legend: (Time is in decaauts)
 A = Elapsed time spent in this place.
 B = Non-inter-level travel time spent in this place.
 C = Inter-level travel time spent in this place.
 D = Time resting spent in this place.
 E = Time spent auto-exploring this place.
 F = Levels seen in this place.
 G = Mean time per level.
                   A        B        C        D        E       F      G
               +--------+--------+--------+--------+--------+-----+--------+
         Total |   5023 |   4955 |     68 |    628 |   3394 |   4 | 1255.8 |
       Dungeon |   5023 |   4955 |     68 |    628 |   3394 |   4 | 1255.8 |
               +--------+--------+--------+--------+--------+-----+--------+

Top non-repeatable levels by time:
     D:3: 2028 daAuts
     D:1: 1375 daAuts
     D:4: 846 daAuts
     D:2: 773 daAuts
